 Dungeon Crawl Stone Soup version 0.29.1-4-g47bece8355 (webtiles) character file.

Game seed: 18291203895641373470

32 unlimited1921 the Magician (level 3, -1/25 HPs)
             Began as a Djinni Fire Elementalist on Dec 6, 2022.
             Slain by Terence
             ... wielding a +1 hand axe of flaming
              (7 damage)
             ... on level 2 of the Dungeon.
             The game lasted 00:05:43 (3422 turns).

unlimited1921 the Magician (DjFE)                   Turns: 3422, Time: 00:05:43

Health: -1/25      AC:  2    Str:  7    XL:     3   Next: 42%
Gold:   44         EV: 12    Int: 18    God:
                   SH:  0    Dex: 13

rFire   + + .      SeeInvis .   (no weapon)
rCold   x . .      Faith    .   (no shield)
rNeg    . . .      Spirit   .   a - +0 robe
rPois   ∞          Reflect  .   (no helmet)
rElec   .          Harm     .   (no cloak)
rCorr   .          Rampage  .   (no gloves)
Will    .....                   (boots unavailable)
Stlth   ++........              (no amulet)
HPRegen 0.08/turn               (no ring)
MPRegen 0.00/turn               (no ring)

@: flying
A: sickness immunity, fire resistance 2, cold vulnerability 1, float, innate
caster, HP casting, extra vitality 1
a: no special abilities


You were on level 2 of the Dungeon.
You visited 1 branch of the dungeon, and saw 2 of its levels.

You collected 84 gold pieces.
You spent 40 gold pieces at shops.

Inventory:

Armour
 a - a +0 robe (worn)
Scrolls
 c - a scroll of poison {unknown}
 d - 4 scrolls of identify
 h - a scroll of immolation {unknown}
Potions
 b - a potion of degeneration {unknown}
 e - a potion of flight {unknown}
 f - a potion of curing {unknown}
 g - a potion of brilliance {unknown}


   Skills:
 + Level 2.4 Dodging
 + Level 1.8 Stealth
 + Level 3.1 Spellcasting


You couldn't memorise any spells.
You knew the following spells:

 Your Spells              Type           Power      Damage    Failure   Level
a - Foxfire               Conj/Fire      56%        2x1d6     4%          1
b - Scorch                Fire           28%        2d6       7%          2
c - Conjure Flame         Conj/Fire      14%        6-21      13%         3
d - Inner Flame           Hex/Fire       14%        N/A       13%         3
e - Flame Wave            Conj/Fire      14%        2d6       41%         4
f - Sandblast             Erth           28%        2d8       4%          1
Your spell library was empty.

Dungeon Overview and Level Annotations

Branches:
Dungeon (2/15)

Altars:

Shops:
D:1 ?

Annotations:
D:2 Terence


Innate Abilities, Weirdness & Mutations

You are immune to sickness and miasma.
You are immune to poison.
Your flesh is very heat resistant. (rF++)
You are vulnerable to cold. (rC-)
You float through the air rather than walking.
You learn spells naturally, not from books.
Your magical power is your life essence.
You have superior vitality. (+4 MHP)


Message History

You conjure some foxfire!
The foxfire hits the dart slug.
The dart slug is heavily wounded.
You conjure some foxfire!
The foxfire hits the dart slug.
You kill the dart slug!
You start resting.
Your foxfire dissipates! x2
You start resting.
Your foxfire dissipates!
You start resting.
Your foxfire dissipates!
You start resting.
HP restored.
Terence the Incautious comes into view.
He is wielding a +1 hand axe of flaming.
You conjure some foxfire!
Your foxfire dissipates!
The foxfire hits Terence but does no damage.
You miscast Foxfire.
You are very lightly contaminated with residual magic.
Nothing appears to happen.
You conjure some foxfire!
The foxfire hits Terence.
Terence is lightly wounded.
Your foxfire dissipates!
You conjure some foxfire!
Terence attacks as you move away!
Terence hits you with a +1 hand axe of flaming!
Terence hits your foxfire with a +1 hand axe of flaming!
The foxfire hits Terence but does no damage.
Terence is lightly wounded.
The foxfire hits Terence but does no damage.
Terence is lightly wounded.
Your magical contamination has completely faded away.
You conjure some foxfire!
Terence hits you with a +1 hand axe of flaming.
* * * LOW HITPOINT WARNING * * *
Terence burns you.
* * * LOW HITPOINT WARNING * * *
Terence hits your foxfire with a +1 hand axe of flaming.
Terence attacks as you move away!
Terence hits you with a +1 hand axe of flaming!
You die...

##...## ##'## ##.###.###
.........######
##.#####......##########
#................
#................
#######.v...#####
#..@..# #..@v.# #.....#
####.....# #..>.....####
#.#.........# #
#.....$.#.# #...........
#..#.....##.


You could see Terence (ally target).

Vanquished Creatures
  A worm (D:2)
  2 dart slugs
  4 endoplasms
  2 giant cockroaches (D:1)
  2 goblins (D:1)
  3 hobgoblins
  2 jackals (D:1)
  4 ball pythons
  A kobold (D:2)
  A rat (D:1)
22 creatures vanquished.

Vanquished Creatures (others)
  77 foxfires
  2 plants (D:1)
79 creatures vanquished.

Grand Total: 101 creatures vanquished

Notes
Turn   | Place    | Note
-------+----------+-------------------------------------------
     0 | D:1      | unlimited1921 the Djinni Fire Elementalist began the quest
                  | for the Orb.
     0 | D:1      | unlimited1921 set off with the following spells memorised:
                  | Foxfire, Scorch, Conjure Flame, Inner Flame, Flame Wave.
     0 | D:1      | Reached XP level 1. HP: 15/15 MP: 0/0
   759 | D:1      | Reached XP level 2. HP: 20/21 MP: 0/0
  1407 | D:1      | Found Uvofo's Magic Scroll Shoppe.
  1414 | D:1      | Bought a scroll of identify for 20 gold pieces
  1414 | D:1      | Bought a scroll of identify for 20 gold pieces
  1575 | D:1      | Found a faded altar of an unknown god.
  2016 | D:1      | Reached skill level 3 in Spellcasting
  2204 | D:1      | Reached XP level 3. HP: 23/25 MP: 0/0
  2204 | D:1      | Learned a level 1 spell: Sandblast
  3409 | D:2      | Noticed Terence
  3422 | D:2      | Slain by Terence

Illustrated notes

Levels and vault maps discovered:
D:1:      minmay_arrival_split_and_join, layout_rooms, serial_shops,
          nicolae_shop_crystal, shapermc_ecumenical_altar_rom_forum,
          roderic_lattice_a
D:2:      layout_loops_cross, dk_noncrumbling_3, st_stairs_1, minivault_19,
          kennysheep_generic_room_2, uniq_terence, uniq_robin, uniq_natasha,
          uniq_crazy_yiuf_cottage

Skill      XL: |  1  2 |
---------------+-------+-----
Spellcasting   | 3 |  3.1
Dodging        | |  2.4
Stealth        | |  1.8

Action                   || total
-------------------------++-------
 Cast: Foxfire           ||    51
       Scorch            ||     7
Dodge: Dodged            ||     3
